 Dungeon Crawl Stone Soup version 0.25-a0-577-ga4619f409e (webtiles) character file.

Game seed: 13173676619910820348, levelgen mode: deterministic

30 Forecaster the Magician (level 3, 0/28 HPs)
             Began as a Naga Wizard on Mar 2, 2020.
             Slain by a leopard gecko (3 damage)
             ... on level 2 of the Dungeon.
             The game lasted 00:05:12 (1096 turns).

Forecaster the Magician (Naga Wizard)               Turns: 1096, Time: 00:05:13

Health: 0/28       AC:  3    Str:  9    XL:     3   Next: 20%
Magic:  1/8        EV:  9    Int: 18    God:
Gold:   54         SH:  0    Dex: 10    Spells: 4/9 levels left

rFire    . . .     SeeInvis +   e - +1 whip
rCold    . . .     Gourm    .   (no shield)
rNeg     . . .     Faith    .   q - +0 leather armour (curse)
rPois    +         Spirit   .   b - +0 hat
rElec    .         Reflect  .   (no cloak)
rCorr    .         Harm     .   o - +0 pair of gloves
MR       .....                  (no barding)
Stlth    ++........             (no amulet)
HPRegen  0.09/turn              (no ring)
MPRegen  0.11/turn              (no ring)

@: very slightly contaminated, very slow
A: large, see invisible, deformed body, poison resistance, slowness 2, slow
metabolism 1, spit poison 1, AC +1
a: Spit Poison


You were on level 2 of the Dungeon.
You were not hungry.

You visited 1 branch of the dungeon, and saw 2 of its levels.

You collected 54 gold pieces.

Inventory:

Hand Weapons
 e - a +1 whip (weapon)
 u - a +0 hunting sling
Missiles
 h - 49 arrows
 m - 17 poisoned darts (quivered)
 r - 14 stones
Armour
 a - a +0 robe
 b - a +0 hat (worn)
 c - a +0 kite shield
 n - a +0 robe
 o - a +0 pair of gloves (worn)
 q - a cursed +0 leather armour (worn)
 s - a +0 robe
 v - a +0 leather armour
Scrolls
 i - a scroll of teleportation
 k - a scroll of remove curse {unknown}
 p - a scroll of amnesia
 t - 2 scrolls of identify
Potions
 g - a potion of cancellation {unknown}
 j - a potion of stabbing {unknown}
 l - a potion of curing {unknown}
Comestibles
 d - 2 rations
 f - a chunk of flesh


   Skills:
 + Level 0.1 Fighting
 + Level 1.6 Dodging
 + Level 3.2 Stealth
 + Level 3.5 Spellcasting
 + Level 1.8 Conjurations
 + Level 1.0 Summonings
 + Level 1.0 Translocations


You had 4 spell levels left.
You knew the following spells:

 Your Spells              Type           Power        Failure   Level  Hunger
a - Magic Dart            Conj           #...         10%         1    None
b - Call Imp              Summ           #.......     22%         2    ##.....
c - Blink                 Tloc           N/A          22%         2    ##.....

Your spell library contained the following spells:

 Spells                   Type           Power        Failure   Level  Hunger
 Slow                     Hex            #.......     32%         2    ##.....
 Conjure Flame            Conj/Fire      #.......     41%         3    ###....
 Mephitic Cloud           Conj/Pois/Air  #.......     45%         3    ###....


Dungeon Overview and Level Annotations

Branches:
Dungeon (2/15)

Altars:


Innate Abilities, Weirdness & Mutations

You cannot wear boots.
Your serpentine skin is tough. (AC +1)
You have supernaturally acute eyesight. (SInv)
Armour fits poorly on your strangely shaped body.
Your system is resistant to poisons. (rPois)
You cover ground very slowly.
You have a slow metabolism.
You can spit poison.


Message History

The dart slug is severely wounded.
The dart slug bites you.
You hit the dart slug but do no damage.
The dart slug is severely wounded.
A leopard gecko comes into view.
You hit the dart slug.
The dart slug is almost dead.
The dart slug launches a dart at you. The slug dart hits you!
* * * LOW HITPOINT WARNING * * *
You barely miss the dart slug.
The dart slug is almost dead.
The dart slug barely misses you. The dart slug barely misses you.
Casting: Magic Dart (safe; 10% risk of failure)
Confirm with . or Enter, or press ? or * to list all spells.
You blink.
The leopard gecko closely misses you. The leopard gecko bites you.
You die...

#...... #...... . #......
.. ###...... ....
#.######<#...... ...
#...........รท... ..
###........####
####.##########........####
..$...w.wl@............'...
####...#.#.####........####
#####......###........#####
#............#........# #..
#........#............# #.#
#.....................# #.
..........##............# #
....####.###....#########
.... #.. #....+


You could see a worm, a dart slug and a leopard gecko.

Vanquished Creatures
  An adder (D:2)
  A giant cockroach (D:1)
  4 goblins
  3 hobgoblins (D:1)
  5 bats
  3 frilled lizards (D:1)
  5 rats
22 creatures vanquished.

Notes
Turn   | Place    | Note
-------+----------+-------------------------------------------
     0 | D:1      | Forecaster the Naga Wizard began the quest for the Orb.
     0 | D:1      | Reached XP level 1. HP: 15/15 MP: 4/4
   385 | D:1      | Reached XP level 2. HP: 22/22 MP: 0/6
   389 | D:1      | Learned a level 2 spell: Call Imp
   392 | D:1      | Learned a level 2 spell: Blink
  1011 | D:2      | Reached XP level 3. HP: 13/28 MP: 4/8
  1096 | D:2      | Slain by a leopard gecko

Levels and vault maps discovered:
D:1:      shiori_arrival_oz, layout_loops_corners
D:2:      layout_basic, first_ration, minmay_indecisive_spiral

Action                   || total
-------------------------++-------
Melee: Whip              ||    58
 Cast: Magic Dart        ||    30
       Call Imp          ||     1
       Blink             ||     1
  Use: Scroll            ||     3
 Stab: Sleeping          ||     2
Armor: Leather armour    ||    17
       Robe              ||     4
Dodge: Dodged            ||    30

Table legend:
 A = Non-vault XP
 B = Vault XP
 C = Vault XP percentage of total XP
 D = Non-vault monster count
 E = Vault monster count
 F = Vault count percentage of total count
                 A         B        C        D         E       F
            +---------+---------+-------+---------+---------+-------
      Total |      40 |       4 |   9.1 |      20 |       2 |   9.1
            +---------+---------+-------+---------+---------+-------
        D:1 |      21 |       4 |  16.0 |      15 |       2 |  11.8
        D:2 |      19 |       0 |   0.0 |       5 |       0 |   0.0
            +---------+---------+-------+---------+---------+-------
